 Dungeon Crawl Stone Soup version 0.30-a0-715-gdb4ae3ece1 (webtiles) character file.

Game seed: 14340185795410381768

97 browni3141 the Caller (level 4, -3/38 HPs)
             Began as a Naga Summoner on Jan 24, 2023.
             Killed by nerve-wracking pain
             ... invoked by Grinder
              (13 damage)
             ... on level 3 of the Dungeon.
             The game lasted 00:05:04 (1926 turns).

browni3141 the Caller (Naga Summoner)               Turns: 1926, Time: 00:05:05

Health: -3/38      AC:  3    Str: 10    XL:     4   Next: 68%
Magic:  3/7        EV: 10    Int: 17    God:
Gold:   138        SH:  0    Dex: 12    Spells: 1/7 levels left

rFire   . . .      SeeInvis +    i - +1 dagger (vamp)
rCold   . . .      Faith    .    (no shield)
rNeg    . . .      Spirit   .    a - +0 robe
rPois   +          Reflect  .    (no helmet)
rElec   .          Harm     .    n - +0 cloak
rCorr   .          Rampage  .    (no gloves)
Will    .....                    (no barding)
Stlth   ++                       (no amulet)
HPRegen 0.26/turn                (no ring)
MPRegen 0.10/turn                (no ring)

@: short of breath, very slow
A: AC +1, large, see invisible, deformed body, poison resistance, slowness 2,
spit poison 1, naga tail 1
a: Spit Poison


You were on level 3 of the Dungeon.
You visited 1 branch of the dungeon, and saw 3 of its levels.

You collected 138 gold pieces.

Inventory:

Hand Weapons
 i - a +1 vampiric dagger (weapon)
Missiles
 k - 2 atropa-tipped darts
Armour
 a - a +0 robe (worn)
 n - a +0 cloak (worn)
Jewellery
 h - a ring of ice
Scrolls
 c - 5 scrolls of enchant weapon {unknown}
 e - a scroll of blinking {unknown}
 f - 5 scrolls of identify {unknown}
 g - a scroll of vulnerability {unknown}
 l - a scroll of fear {unknown}
 m - a scroll of torment {unknown}
Potions
 b - a potion of magic
 d - 3 potions of curing {unknown}
 j - a potion of haste {unknown}


   Skills:
 - Level 1.0 Fighting
 - Level 1.5 Dodging
 - Level 3.0 Stealth
 - Level 2.0 Spellcasting
 * Level 5.8 Summonings


You had one spell level left.
You knew the following spells:

 Your Spells              Type           Power      Damage    Failure   Level
a - Summon Small Mammal   Summ           84%        N/A       1%          1
b - Call Imp              Summ           21%        N/A       2%          2
c - Call Canine Familiar  Summ           21%        N/A       5%          3

Your spell library contained the following spells:

 Spells                   Type           Power      Damage    Failure   Level
 Summon Guardian Golem    Hex/Summ       11%        N/A       19%         3
 Ignite Poison            Fire/Tmut/Pois 1%         N/A       50%         3
 Kindle Blastsparks       Fire/Tloc/Air  2%         2d10      50%         3
 Summon Lightning Spire   Summ/Air       11%        N/A       52%         4
 Freezing Cloud           Conj/Ice/Air   0%         6-21      99%         5


Dungeon Overview and Level Annotations

Branches:
Dungeon (3/15)

Altars:

Annotations:
D:3 Grinder


Innate Abilities, Weirdness & Mutations

Your serpentine skin is tough. (AC +1)
You have supernaturally acute eyesight. (SInv)
Armour fits poorly on your strangely shaped body.
Your system is resistant to poisons. (rPois)
You cover ground very slowly.
You can spit poison.
You have a snake-like lower body.


Message History

You completely miss Grinder.
Grinder is almost dead.
You have got your breath back.
Your hound misses Grinder.
Grinder blinks!
You swap places.
Grinder blinks!
Grinder gestures at you. Pain shoots through your body!
* * * LOW HITPOINT WARNING * * *
Unknown command.
You swap places.
Grinder says, "Tell me all your secrets, or I'll kill you."
Grinder blinks!
Your crimson imp blinks!
What are your orders? t - Shout!
Orders for allies: a - Attack new target. r - Retreat! s - Stop attacking. g - Guard the area. f - Follow me.
Anything else - Cancel.
Gang up on whom?
Press: ? - help, Dir - move target, f - Grinder
Aim: Grinder (almost dead, ally target) Attack!
Grinder gestures at you. You resist with significant effort.
Grinder gestures at you.
Your hound struggles to resist.
Your hound bites Grinder.
Your hound barely misses Grinder.
Your crimson imp blinks!
Aiming: Spit Poison (1% risk of failure)
Press: ? - help, Shift-Dir - straight line, f/p - Grinder
Aim: Grinder (almost dead, ally target, 54% to hit)
The splash of poison hits Grinder.
Grinder is almost dead.
Your hound misses Grinder.
Your hound bites Grinder but does no damage.
Grinder gestures at you. Pain shoots through your body!
You die...

#......... #...#.##....#
#. #.. #............
...#..# #..5..###...
#..#..####ยง..#.###..
#.................# #
.........>...#....##.#..
#..##.###.#..#..........
...........5....@.......
#.........h..#....###....
#..........).(....# ..
.............#.#..# ...
.............#.#..###....
.........................
#.###.###.#..#...........
#. #.............!.......
# #.?##.....###..###....


You could see Grinder (ally target), a friendly hound (summoned) and a friendly
crimson imp (summoned).

Vanquished Creatures
  2 adders (D:2)
  A dart slug (D:2)
  2 orcs (D:3)
  2 endoplasms
  4 goblins
  4 hobgoblins
  4 jackals (D:1)
  4 kobolds (D:1)
  2 quokkas
  5 ball pythons
  4 bats
  3 frilled lizards
  2 rats (D:1)
39 creatures vanquished.

Vanquished Creatures (collateral kills)
  An adder (D:2)
  A dart slug (D:2)
  An orc (D:3)
  2 endoplasms (D:2)
  A giant cockroach (D:1)
  2 goblins
  2 hobgoblins
  4 jackals (D:3)
  2 kobolds
  A ball python (D:1)
  3 frilled lizards
20 creatures vanquished.

Grand Total: 59 creatures vanquished

Notes
Turn   | Place    | Note
-------+----------+-------------------------------------------
     0 | D:1      | browni3141 the Naga Summoner began the quest for the Orb.
     0 | D:1      | Reached XP level 1. HP: 15/15 MP: 3/3
    59 | D:1      | Reached skill level 1 in Fighting
   166 | D:1      | Reached XP level 2. HP: 10/25 MP: 0/5
   619 | D:1      | You fall into a shaft and drop 1 floor!
   623 | D:2      | Learned a level 2 spell: Call Imp
   770 | D:2      | Reached XP level 3. HP: 31/31 MP: 3/6
   774 | D:2      | Learned a level 3 spell: Call Canine Familiar
   913 | D:2      | Reached skill level 5 in Summonings
  1105 | D:2      | Reached XP level 4. HP: 38/38 MP: 4/7
  1869 | D:3      | Noticed Grinder
  1926 | D:3      | Killed from afar by Grinder

Illustrated notes

Levels and vault maps discovered:
D:1:      co_arrival_square_in_a_square_in_a_square, layout_basic
D:2:      layout_rooms
D:3:      minmay_chambers_of_threes, layout_basic, amcnicky_altar_gilded,
          uniq_grinder

Skill      XL: |  1  2  3 |
---------------+----------+-----
Fighting       | 1 |  1.0
Summonings     | 5 |  5.8
Dodging        | |  1.5
Stealth        | |  3.0
Spellcasting   | |  2.0

Action                     |  1- 3 |  4- 6 || total
---------------------------+-------+-------++-------
  Melee: Unarmed           |    30 |       ||    30
         Dagger            |       |    47 ||    47
   Cast: Summon Small Mamm |    26 |     2 ||    28
         Call Imp          |     3 |     6 ||     9
         Call Canine Famil |       |     2 ||     2
Ability: Spit Poison       |    29 |     3 ||    32
   Stab: Sleeping          |       |     2 ||     2
         Distracted        |       |     1 ||     1
 Armour: Robe              |     8 |    12 ||    20
  Dodge: Dodged            |    32 |    29 ||    61

Table legend: (Time is in decaauts)
 A = Elapsed time spent in this place.
 B = Non-inter-level travel time spent in this place.
 C = Inter-level travel time spent in this place.
 D = Time resting spent in this place.
 E = Time spent auto-exploring this place.
 F = Levels seen in this place.
 G = Mean time per level.
                   A        B        C        D        E       F      G
               +--------+--------+--------+--------+--------+-----+--------+
         Total |   2406 |   2187 |    219 |     21 |   1657 |   3 |  802.0 |
       Dungeon |   2406 |   2187 |    219 |     21 |   1657 |   3 |  802.0 |
               +--------+--------+--------+--------+--------+-----+--------+

Top non-repeatable levels by time:
     D:1: 1214 daAuts
     D:2: 1026 daAuts
     D:3: 166 daAuts
